 Dungeon Crawl Stone Soup version 0.28.0 (webtiles) character file.

Game seed: 13940129134657497097

101344 ragingrage the Ogre Mage (level 16, -8/169 HPs)
             Began as an Ogre Fire Elementalist on Feb 4, 2022.
             Was a High Priest of Vehumet.
             Mangled by a salamander (13 damage)
             ... on level 1 of the Snake Pit.
             The game lasted 00:57:47 (38714 turns).

ragingrage the Ogre Mage (Ogre Fire Elementalist)  Turns: 38714, Time: 00:57:48

Health: -8/169     AC:  4    Str: 16    XL:     16   Next: 30%
Magic:  22/35      EV:  9    Int: 32    God:    Vehumet [*****.]
Gold:   421        SH:  0    Dex:  9    Spells: 6/46 levels left

rFire   . . .      SeeInvis .   b - +0 staff of Battle
rCold   . . .      Faith    .   (no shield)
rNeg    + . .      Spirit   .   c - +1 robe of Time Monsters {Archmagi}
rPois   .          Reflect  .   (helmet restricted)
rElec   .          Harm     .   (no cloak)
rCorr   .          Rampage  .   (gloves unavailable)
Will    +....      Archmagi +   (boots unavailable)
Stlth   +.........              T - amulet of magic regeneration
HPRegen 0.38/turn               F - ring "Zuj Howkoxa" {rN+ Int+4}
MPRegen 0.64/turn               A - +6 ring of intelligence

@: no status effects
A: large, unfitting armour, tough skin 1
a: Renounce Religion


You were on level 1 of the Snake Pit.
You worshipped Vehumet.
Vehumet was extremely pleased with you.
You visited 5 branches of the dungeon, and saw 25 of its levels.
You also visited: Gauntlet.

You collected 1849 gold pieces.
You spent 1428 gold pieces at shops.

Inventory:

Hand Weapons
 a - the +11 falchion "Ocuin" {elec, rF++ Int+2}
   (You bought it in a shop on level 2 of the Orcish Mines)

   It occasionally discharges a powerful burst of electricity upon striking a
   foe.
   Int:       It affects your intelligence (+2).
   rF:        It greatly protects you from fire.
 b - the +0 staff of Battle (weapon)
   (You found it in a Gauntlet)

   It enhances your conjuration magic.
   It summons a battlesphere in combat, with strength depending on Conjurations
   skill.
   Its strikes trigger the battlesphere's blasts.
 W - the +3 rapier "Nehun" {vorpal, rPois}
   (You found it on level 6 of the Lair of Beasts)

   It inflicts extra damage upon your enemies.
   rPois:     It protects you from poison.
Missiles
 N - 7 curare-tipped darts (quivered)
Armour
 c - the +1 robe of Time Monsters (worn) {Archmagi}
   (You bought it in a shop on level 2 of the Orcish Mines)

   Archmagi:  It increases the power of your magical spells.
 L - +0 acid dragon scales
 Z - a +1 troll leather armour {Snorg}
Magical Staves
 u - a staff of conjuration
 V - a staff of fire
Jewellery
 d - a ring of willpower
 g - a ring of flight
 h - a +6 ring of intelligence
 j - a +6 ring of intelligence
 k - a +4 ring of protection
 x - a ring of wizardry
 A - a +6 ring of intelligence (right hand)
 F - the ring "Zuj Howkoxa" (left hand) {rN+ Int+4}
   (You bought it in a shop on level 2 of the Orcish Mines)

   [ring of positive energy]

   Int:       It affects your intelligence (+4).
   rN:        It protects you from negative energy.
 S - a ring of see invisible
 T - an amulet of magic regeneration (around neck)
Wands
 f - a wand of flame (47)
 t - a wand of charming (11)
 v - a wand of digging (14)
 J - a wand of paralysis (5)
 M - a wand of acid (6)
 O - a wand of polymorph (11)
 U - a wand of iceblast (6)
Scrolls
 i - 2 scrolls of summoning
 l - 2 scrolls of blinking
 m - 11 scrolls of teleportation
 r - 10 scrolls of identify
 y - 3 scrolls of fog
 B - 2 scrolls of fear
 C - 2 scrolls of magic mapping
 K - 3 scrolls of vulnerability
 Q - 2 scrolls of amnesia
 X - a scroll of brand weapon
Potions
 e - 7 potions of flight
 n - 3 potions of might
 o - a potion of haste
 p - 3 potions of ambrosia
 q - 2 potions of invisibility
 s - 6 potions of curing
 w - 3 potions of attraction
 z - 2 potions of resistance
 D - 4 potions of berserk rage
 E - 5 potions of mutation
 G - 3 potions of magic
 H - 4 potions of brilliance
 I - a potion of lignification
 Y - a potion of heal wounds
Miscellaneous
 P - a condenser vane
 R - a tin of tremorstones (2/2)


   Skills:
 + Level 13.1 Fighting
 - Level 2.5 Short Blades
 - Level 0.2 Maces & Flails
 - Level 1.7 Dodging
 - Level 1.4 Stealth
 + Level 15.8 Spellcasting
 + Level 14.7 Conjurations
 - Level 1.0 Translocations
 + Level 15.2 Fire Magic
 - Level 0.4 Evocations


You had 6 spell levels left.
You knew the following spells:

 Your Spells              Type           Power      Damage    Failure   Level
a - Foxfire               Conj/Fire      100%       2x1d9     0%          1
b - Scorch                Fire           100%       2d10      0%          2
c - Sticky Flame          Conj/Fire      100%       2d11      1%          4
d - Mephitic Cloud        Conj/Pois/Air  91%        N/A       1%          3
e - Ignite Poison         Fire/Tmut/Pois 72%        N/A       1%          3
f - Fireball              Conj/Fire      67%        3d25      1%          5
g - Flame Wave            Conj/Fire      100%       2d17      1%          4
i - Stone Arrow           Conj/Erth      100%       3d13      1%          3
j - Iskenderun's Mystic   Conj/Tloc      100%       2d19      1%          4
k - Blink                 Tloc           94%        N/A       1%          2
l - Fire Storm            Conj/Fire      67%        8d17      63%         9

Your spell library contained the following spells:

 Spells                   Type           Power      Damage    Failure   Level
 Yara's Violent Unravell  Hex/Tmut       19%        3d9       13%         5
 Magic Dart               Conj           100%       1d8       0%          1
 Conjure Flame            Conj/Fire      100%       6-21      0%          3
 Animate Skeleton         Necr           76%        N/A       1%          1
 Apportation              Tloc           94%        N/A       1%          1
 Shock                    Conj/Air       100%       1d9       1%          1
 Summon Small Mammal      Summ           100%       N/A       1%          1
 Static Discharge         Conj/Air       100%       N/A       1%          2
 Dazzling Flash           Conj/Hex       100%       N/A       1%          3
 Inner Flame              Hex/Fire       84%        N/A       1%          3
 Fulminant Prism          Conj/Hex       52%        3d23      1%          4
 Freezing Cloud           Conj/Ice/Air   45%        6-21      1%          5
 Lightning Bolt           Conj/Air       52%        1d73      1%          5
 Starburst                Conj/Fire      67%        6d17      1%          6
 Call Imp                 Summ           38%        N/A       2%          2
 Confusing Touch          Hex            38%        N/A       4%          3
 Ozocubu's Armour         Ice            38%        N/A       4%          3
 Swiftness                Air            38%        N/A       4%          3
 Tukima's Dance           Hex            38%        N/A       4%          3
 Airstrike                Air            19%        N/A       4%          4
 Lee's Rapid Deconstruct  Erth           19%        3d12*     13%         5
 Anguish                  Hex/Necr       19%        N/A       17%         4
 Dispel Undead            Necr           38%        3d16      17%         4
 Petrify                  Tmut/Erth      38%        N/A       17%         4
 Manifold Assault         Tloc           47%        N/A       30%         5
 Metabolic Englaciation   Hex/Ice        19%        N/A       43%         5
 Statue Form              Tmut/Erth      25%        N/A       95%         6
 Ozocubu's Refrigeration  Ice            19%        4d8       96%         7
 Enfeeble                 Hex            19%        N/A       100%        7
 Storm Form               Tmut/Air       19%        N/A       100%        7
 Maxwell's Capacitive Co  Air            19%        ∞         100%        8
 Chain Lightning          Conj/Air       52%        3d69      100%        9
 Shatter                  Erth           19%        3d17*     100%        9


Dungeon Overview and Level Annotations

Branches:
Dungeon (15/15)            Temple (1/1) D:7            Lair (6/6) D:11
  Swamp (0/4) Lair:4        Snake (1/4) Lair:4        Slime (0/5) Lair:5
    Orc (2/2) D:11            Elf (0/3) Orc:2        Vaults (0/5) D:14
 Depths (0/4) D:15        Gauntlet (visited)

Altars:
Ashenzari
Cheibriados
Dithmenos
Elyvilon
Fedhas
Gozag
Hepliaklqana
Kikubaaqudgha
Makhleb
Nemelex Xobeh
Okawaru
Qazlal
Ru
Sif Muna
Trog
Uskayaw
Vehumet
Wu Jian
Xom
Yredelemnul
Zin
The Shining One

Shops:
D:8 *!   Orc:2 !*?([

Annotations:
D:4 exclusion: 2 downstairs
D:9 Erolcha
D:13 1 runed translucent door
Lair:5 exclusion: downstairs
Orc:1 exclusion: downstairs


Innate Abilities, Weirdness & Mutations

You are too large for most types of armour.
You have tough skin. (AC +1)


Message History

Press: ? - help, Shift-Dir - straight line, f/p - salamander
Aim: a salamander, wielding a +2 halberd of protection (heavily wounded, 87% to hit)
You feel a strong surge of power!
The stone arrow hits the salamander!
The salamander is heavily wounded.
Your battlesphere fires!
The barrage of energy hits the salamander!
The salamander is severely wounded.
Your battlesphere expends the last of its energy and dissipates.
The salamander hits you from afar with a +2 halberd of protection!!
* * * LOW HITPOINT WARNING * * *
You are engulfed in flames!
* * * LOW HITPOINT WARNING * * *
You conjure a globe of magical energy.
You swap places.
Things that are here:
a +0 hand axe; a naga corpse
Okay, then.
You see here a +0 trident.
Okay, then.
You see here a black mamba corpse.
Casting: Stone Arrow (safe; 1% risk of failure)
Confirm with . or Enter, or press ? or * to list all spells.
Okay, then.
Okay, then.
Press: ? - help, v - describe, . - travel, g - get item
Here: a salamander, wielding a +2 halberd of protection (severely wounded) Item here: a +0 trident.
The floor.
Unknown command.
You feel much better.
The salamander hits you from afar with a +2 halberd of protection.
* * * LOW HITPOINT WARNING * * *
You are engulfed in flames!
* * * LOW HITPOINT WARNING * * *
Unknown command.
There is a staircase back to the Lair here.
The salamander hits you from afar with a +2 halberd of protection!!
* * * LOW HITPOINT WARNING * * *
You are engulfed in flames!
You die...

# #..... .#.##... #.
.# #.)#.. .. #..## #.
#.##..##.##.###.#. #.†
#.#...###.##.##.##
..##.#..........##.##
#.##)..).##..#.#...#
#.#...####...#.)......
#.....##...†)..##.##..
#..##@*N..####..#.# ..
#. ##....# ##..## .. #
#......# ...# ..
#.(.##.... ........
##................#
.................#
.#############...##


You could see a salamander and a friendly battlesphere.

Vanquished Creatures
  Mlioglotl (Snake:1)
  Rupert (Lair:6)
  Kirke (D:15)
  A minotaur (Gauntlet)
  Snorg (Orc:2)
  A naga warrior (Snake:1)
  9 hydras
  A rakshasa (D:15)
  3 catoblepae
  4 boulder beetles
  3 anacondas (Snake:1)
  A merfolk avatar (Lair:6)
  Erica (Orc:1)
  7 centaur warriors
  8 two-headed ogres
  2 tengu warriors
  A death knight (D:12)
  9 death yaks
  2 naga sharpshooters (Snake:1)
  A wretched star (Gauntlet)
  An iron troll (D:14)
  A glowing orange brain (D:15)
  3 orc knights (Orc:2)
  2 bog bodies (Lair:4)
  A lindwurm (Lair:1)
  A mana viper (Snake:1)
  3 oklob plants
  A wolf spider (Lair:4)
  A harpy (Lair:6)
  2 cyclopes
  5 manticores
  11 ugly things
  8 elephants
  Maurice (Orc:1)
  9 black mambas
  A naga mage (Snake:1)
  3 gargoyles
  14 komodo dragons
  2 rime drakes (Lair:6)
  11 cane toads
  A tengu conjurer (D:13)
  An efreet (D:15)
  An unseen horror (D:12)
  6 trolls
  5 polar bears
  A wind drake (Lair:6)
  3 meliai (Gauntlet)
  24 slime creatures
  A tyrant leech (Lair:2)
  4 hornets (Lair:6)
  9 dream sheep
  16 blink frogs
  Sigmund (D:4)
  30 yaks
  A culicivora (shapeshifter) (D:15)
  3 shadows
  8 wyverns
  4 hogs (D:15)
  2 steam dragons
  A water elemental (D:13)
  3 wraiths
  6 basilisks
  Eustachio (D:4)
  A neqoxec (Gauntlet)
  6 vampire mosquitoes
  3 wargs
  Menkaure (D:5)
  2 swamp worms (Lair:2)
  Edmund (D:5)
  3 acid dragons
  5 nagas
  15 water moccasins
  2 black bears
  31 orc warriors
  A necrophage (D:5)
  9 ogres
  18 wolves
  24 centaurs
  A phantom (D:6)
  Blork the orc (D:5)
  15 bullfrogs
  A gnoll sergeant (D:8)
  3 scorpions
  A wyvern skeleton (D:5)
  6 killer bees (D:8)
  9 wights (D:8)
  4 howler monkeys (D:7)
  7 electric eels
  3 jellies
  2 hounds (D:5)
  14 orc priests
  2 centaur skeletons
  Ijyb (D:5)
  2 iguanas (D:4)
  14 orc wizards
  4 hell rats (Lair:6)
  2 killer bee zombies (D:5)
  A howler monkey zombie (D:10)
  7 gnolls
  4 adders
  A shadow imp (D:6)
  2 white imps
  An ufetubus (D:4)
  An adder skeleton (D:4)
  2 worms
  86 orcs
  11 ball pythons
  10 endoplasms
  6 giant cockroaches
  10 goblins
  8 hobgoblins
  2 jackals (D:2)
  5 quokkas
  8 bats
  5 frilled lizards
  A jackal skeleton (D:4)
  5 kobolds
  10 rats
  3 bushes (Lair:6)
674 creatures vanquished.

Vanquished Creatures (collateral kills)
  A slime creature (D:11)
  19 foxfires
20 creatures vanquished.

Vanquished Creatures (others)
  A human (D:15)
  A bullfrog (Lair:1)
  2253 foxfires
  54 fungi
  157 plants
  14 withered plants (Gauntlet)
2480 creatures vanquished.

Grand Total: 3174 creatures vanquished

Notes
Turn   | Place    | Note
-------+----------+-------------------------------------------
     0 | D:1      | ragingrage the Ogre Fire Elementalist began the quest for
                  | the Orb.
     0 | D:1      | Reached XP level 1. HP: 16/16 MP: 3/3
   347 | D:1      | Reached XP level 2. HP: 11/24 MP: 0/5
   710 | D:1      | Learned a level 2 spell: Scorch
  1338 | D:1      | Reached XP level 3. HP: 31/31 MP: 4/7
  1442 | D:1      | Reached skill level 1 in Conjurations
  2549 | D:2      | Identified the +1 whip "Qeyfaoh" {freeze, rCorr Str-2
                  | Dex+3}
  2557 | D:2      | Reached XP level 4. HP: 39/39 MP: 6/8
  3479 | D:3      | Learned a level 3 spell: Conjure Flame
  3483 | D:3      | Learned a level 3 spell: Mephitic Cloud
  3546 | D:3      | Reached XP level 5. HP: 46/46 MP: 0/10
  3940 | D:3      | Found a faded altar of an unknown god.
  4686 | D:4      | Noticed Sigmund
  4689 | D:4      | Reached skill level 1 in Fighting
  4712 | D:3      | Reached skill level 1 in Short Blades
  4712 | D:3      | Reached XP level 6. HP: 19/57 MP: 1/12
  5190 | D:4      | Noticed Eustachio
  5299 | D:4      | Killed Sigmund
  5300 | D:4      | Reached skill level 5 in Spellcasting
  5300 | D:4      | Reached XP level 7. HP: 66/66 MP: 6/14
  5616 | D:4      | Killed Eustachio
  5988 | D:5      | Entered Level 5 of the Dungeon
  5988 | D:5      | Noticed Blork the orc
  6215 | D:5      | Reached skill level 5 in Fire Magic
  6280 | D:5      | Reached XP level 8. HP: 74/74 MP: 3/16
  6649 | D:5      | Noticed Edmund
  6738 | D:5      | Noticed Menkaure
  6743 | D:5      | Killed Menkaure
  6744 | D:5      | Noticed Ijyb
  6748 | D:5      | Killed Ijyb
  6825 | D:5      | Killed Edmund
  7211 | D:5      | Killed Blork the orc
  7421 | D:5      | Learned a level 3 spell: Ignite Poison
  7426 | D:5      | Learned a level 4 spell: Iskenderun's Mystic Blast
  7870 | D:6      | Reached XP level 9. HP: 79/83 MP: 13/20
  9143 | D:7      | Found a staircase to the Ecumenical Temple.
  9180 | D:7      | Reached skill level 5 in Conjurations
  9464 | D:7      | Reached skill level 5 in Fighting
  9677 | Temple   | Entered the Ecumenical Temple
  9747 | Temple   | Became a worshipper of Vehumet
 10062 | D:8      | Found Bikecu's Distillery.
 10093 | D:8      | Found Jesoliotz's General Store.
 10100 | D:8      | Identified a scroll of acquirement
 10100 | D:8      | Acquired a staff of fire
 10205 | D:8      | Reached XP level 10. HP: 98/98 MP: 12/22
 10439 | D:8      | Noticed a two-headed ogre
 10457 | D:8      | Killed a two-headed ogre
 11510 | D:8      | Reached * piety under Vehumet
 11510 | D:8      | Offered knowledge of Shock by Vehumet.
 12822 | D:8      | Bought a potion of heal wounds for 65 gold pieces
 12822 | D:8      | Bought a potion of magic for 104 gold pieces
 12822 | D:8      | Bought a potion of brilliance for 52 gold pieces
 12822 | D:8      | Bought a potion of lignification for 39 gold pieces
 14051 | D:9      | Noticed Erolcha
 14401 | D:9      | Found a stormy altar of Qazlal.
 14603 | D:9      | Reached skill level 10 in Spellcasting
 14782 | D:10     | Entered Level 10 of the Dungeon
 14867 | D:10     | Noticed a gargoyle
 14875 | D:10     | Killed a gargoyle
 14876 | D:10     | Reached XP level 11. HP: 80/113 MP: 13/25
 15440 | D:10     | Noticed a two-headed ogre
 15449 | D:10     | Killed a two-headed ogre
 16155 | D:10     | HP: 4/115 [wyvern (3)]
 16486 | D:11     | Noticed a cyclops
 16488 | D:11     | Noticed a two-headed ogre
 16495 | D:11     | Noticed a two-headed ogre
 16500 | D:10     | Killed a two-headed ogre
 16712 | D:10     | Killed a cyclops
 16712 | D:10     | Killed a two-headed ogre
 16874 | D:11     | Found a staircase to the Lair.
 17193 | D:11     | Found a staircase to the Orcish Mines.
 17213 | D:11     | You fall into a shaft and drop 2 floors!
 17279 | D:13     | Noticed a two-headed ogre
 17287 | D:13     | Killed a two-headed ogre
 17288 | D:13     | Reached skill level 10 in Fighting
 17291 | D:13     | Reached ** piety under Vehumet
 17291 | D:13     | Offered knowledge of Searing Ray by Vehumet.
 17979 | D:11     | Noticed a centaur warrior
 17987 | D:11     | Killed a centaur warrior
 18580 | D:11     | Noticed a two-headed ogre
 18585 | D:11     | Killed a two-headed ogre
 18586 | D:11     | Reached XP level 12. HP: 31/126 MP: 17/27
 18948 | Lair:1   | Entered Level 1 of the Lair of Beasts
 19284 | Lair:1   | Reached skill level 10 in Fire Magic
 19449 | Lair:1   | Noticed a seven-headed hydra
 19752 | D:12     | Noticed a boulder beetle
 19798 | D:11     | Killed a boulder beetle
 19931 | D:12     | HP: 2/127 [slime creature (17)]
 20140 | D:12     | Offered knowledge of Dazzling Flash by Vehumet.
 20387 | D:12     | Learned a level 4 spell: Flame Wave
 20545 | D:12     | Reached *** piety under Vehumet
 20715 | D:12     | Learned a level 4 spell: Sticky Flame
 20750 | D:12     | Noticed a death knight
 20780 | D:12     | Killed a death knight
 20980 | Lair:1   | Killed a seven-headed hydra
 22358 | Lair:3   | Reached XP level 13. HP: 137/137 MP: 25/29
 22479 | Lair:3   | Reached skill level 10 in Conjurations
 22481 | Lair:3   | Offered knowledge of Frozen Ramparts by Vehumet.
 23660 | Lair:4   | Reached **** piety under Vehumet
 23948 | Lair:4   | Found a staircase to the Snake Pit.
 23980 | Lair:4   | Found a staircase to the Swamp.
 23994 | Lair:4   | Offered knowledge of Stone Arrow by Vehumet.
 24078 | Lair:4   | Learned a level 3 spell: Stone Arrow
 26064 | Lair:5   | Reached XP level 14. HP: 149/149 MP: 19/32
 26336 | Lair:5   | Found a staircase to the Slime Pits.
 26375 | Lair:5   | Noticed Sonja
 26687 | Lair:5   | Noticed Sonja
 26687 | Lair:5   | Sonja changed into Sonja the warg
 26689 | Lair:5   | Killed Sonja the warg
 27330 | Lair:6   | Entered Level 6 of the Lair of Beasts
 27559 | Lair:6   | Reached ***** piety under Vehumet
 27688 | Lair:6   | Paralysed by a hornet for 2 turns
 27691 | Lair:6   | Offered knowledge of Fireball by Vehumet.
 27732 | Lair:6   | Learned a level 5 spell: Fireball
 27983 | Lair:6   | Reached skill level 15 in Spellcasting
 28969 | Lair:6   | Noticed Rupert
 29094 | Lair:6   | Killed Rupert
 29321 | Lair:6   | Paralysed by a hornet for 2 turns
 29701 | Lair:6   | Found the +7 pair of quick blades "Gyre" and "Gimble"
                  | {protect}
 29794 | Lair:6   | Identified the +3 rapier "Nehun" {vorpal, rPois}
 31207 | Lair:2   | Reached XP level 15. HP: 156/156 MP: 23/34
 31923 | Orc:1    | Entered Level 1 of the Orcish Mines
 32116 | Orc:1    | Offered knowledge of Olgreb's Toxic Radiance by Vehumet.
 32135 | Orc:1    | Killed Maurice
 32453 | Orc:2    | Entered Level 2 of the Orcish Mines
 32571 | Orc:2    | Noticed Snorg
 32575 | Orc:2    | Killed Snorg
 33087 | Orc:2    | Found a staircase to the Elven Halls.
 33207 | Orc:1    | Noticed Erica
 33224 | Orc:1    | Killed Erica
 33469 | Orc:2    | Found Noge's Antique Armour Shoppe.
 33483 | Orc:2    | Bought an ominously black robe for 159 gold pieces
 33483 | Orc:2    | Identified the +1 robe of Time Monsters {Archmagi} (You
                  | bought it in a shop on level 2 of the Orcish Mines)
 33576 | Orc:2    | Found Ihobrefed's Magic Scroll Shoppe.
 33576 | Orc:2    | Found Vayzxuifa's Assorted Antiques.
 33578 | Orc:2    | Found Tajep's Distillery.
 33580 | Orc:2    | Found Edwoekk's Antique Weapon Emporium.
 33584 | Orc:2    | Bought a scroll of teleportation for 54 gold pieces
 33584 | Orc:2    | Bought a scroll of teleportation for 54 gold pieces
 33584 | Orc:2    | Bought a scroll of fear for 63 gold pieces
 33584 | Orc:2    | Bought a scroll of identify for 36 gold pieces
 33584 | Orc:2    | Bought a scroll of identify for 36 gold pieces
 33586 | Orc:2    | Bought a coiled ivory ring for 165 gold pieces
 33586 | Orc:2    | Identified the ring "Zuj Howkoxa" {rN+ Int+4} (You bought
                  | it in a shop on level 2 of the Orcish Mines)
 33590 | Orc:2    | Bought a potion of heal wounds for 65 gold pieces
 33598 | Orc:2    | Bought a pitted falchion for 264 gold pieces
 33598 | Orc:2    | Identified the +5 falchion "Esesusk" {freeze, Stlth+} (You
                  | bought it in a shop on level 2 of the Orcish Mines)
 33601 | Orc:2    | Bought an iridescent falchion for 272 gold pieces
 33601 | Orc:2    | Identified the +11 falchion "Ocuin" {elec, rF++ Int+2} (You
                  | bought it in a shop on level 2 of the Orcish Mines)
 34304 | D:13     | Learned a level 2 spell: Blink
 34314 | D:13     | Learned a level 9 spell: Fire Storm
 34447 | D:13     | Reached skill level 1 in Translocations
 35187 | D:13     | Offered knowledge of Yara's Violent Unravelling by Vehumet.
 35369 | D:13     | Found a runed translucent door.
 35377 | D:13     | Noticed a shadow dragon
 35377 | D:13     | Identified the +8 morningstar "Zohil" {protect, Will- Str+3
                  | Dex+4}
 36732 | D:14     | Found a gate to the Vaults.
 36863 | D:15     | Entered Level 15 of the Dungeon
 36879 | D:15     | Found a gate leading to a gauntlet.
 36888 | Gauntlet | Entered a Gauntlet
 36888 | Gauntlet | Found a transporter.
 36888 | Gauntlet | Found a transporter.
 36889 | Gauntlet | Found a transporter.
 36892 | Gauntlet | Found a transporter.
 36892 | Gauntlet | Found a transporter.
 36908 | Gauntlet | Found a transporter.
 36911 | Gauntlet | Found a transporter.
 36928 | Gauntlet | Found a transporter.
 36948 | Gauntlet | Found a transporter.
 36975 | Gauntlet | Found a transporter.
 36995 | Gauntlet | Found a transporter.
 37046 | Gauntlet | Found a transporter.
 37154 | Gauntlet | Identified the +2 pair of gloves of the Kangaroo {Int+4}
 37259 | Gauntlet | Identified the ring "Laosug" {rF- rN+ Str+2 SInv}
 37625 | Gauntlet | Found the +0 staff of Battle
 37730 | D:15     | Noticed Kirke
 37734 | D:15     | Killed Kirke
 37754 | D:15     | Reached skill level 15 in Fire Magic
 37892 | D:15     | Reached XP level 16. HP: 150/167 MP: 29/35
 38305 | D:15     | Found a staircase to the Depths.
 38537 | Snake:1  | Entered Level 1 of the Snake Pit
 38673 | Snake:1  | Noticed Mlioglotl
 38679 | Snake:1  | Killed Mlioglotl
 38714 | Snake:1  | HP: 5/169 [salamander (19)]
 38714 | Snake:1  | Mangled by a salamander

Illustrated notes

Levels and vault maps discovered:
D:1:      co_arrival_random_square_maze, layout_basic
D:2:      layout_basic, minmay_tetromino_l4
D:3:      minmay_chambers_of_twos, layout_loops_ring,
          ebering_ecumenical_altar_ruins, serial_bayou, serial_bayou_shore_b,
          serial_bayou_pond_b, serial_bayou_shore_a, serial_bayou_pond_c
D:4:      layout_rooms, uniq_sigmund, uniq_eustachio
D:5:      layout_cave_pools, uniq_edmund, uniq_blork_the_orc, uniq_ijyb,
          uniq_menkaure
D:6:      layout_cave_pools
D:7:      layout_basic, minmay_temple_entry_glass, dk_vineyard_1, uniq_duvessa
D:8:      layout_loops_ring, serial_shops, nicolae_inconvenience_store, shop,
          minmay_fountain_box, minivault_14
D:9:      layout_loops_ring, general_overflow_altar, uniq_erolcha
D:10:     layout_basic, statue_in_the_mist_lemuel
D:11:     layout_loops_ring, david_lair_generic, orc_0_dummy
D:12:     layout_small_grid, special_room [special_room_orc]
D:13:     layout_basic, minmay_st_funbox
D:14:     layout_cave_pools, david_vaults_4, hangedman_decor_lopped
D:15:     gammafunk_enter_depths_forms, layout_rooms, gauntlet_entry_generic,
          uniq_kirke
Temple:   dpeg_three_leaves_temple
Lair:1:   layout_regular_city, infiniplex_staircase_pool, lemuel_fruit_tree
Lair:2:   layout_long_grid, worms_lemuel, infiniplex_staircase_pool_2
Lair:3:   layout_loops_ring, wad_woods_road_03, st_stairs_3
Lair:4:   layout_small_grid, skrybe_swamp_entry_bodies,
          guppyfry_snake_entry_garden, nicolae_lair_run_with_the_wolves
Lair:5:   layout_regular_city, minmay_slime_entry_oklob_open, uniq_sonja
Lair:6:   gammafunk_lair_ancient_temple, layout_cave_pods,
          chequers_serial_rivers_micro_d, uniq_rupert
Snake:1:  layout_onion_interference, nicolae_snake_gridmaze_big_u, st_stairs_3,
          nicolae_snake_gridmaze_entwining, serial_bayou_pond_a, uniq_mlioglotl
Orc:1:    layout_caves, uniq_maurice, uniq_erica
Orc:2:    st_orc_rangers, layout_caves, serial_shops, nicolae_shop_crystal,
          uniq_snorg

Skill      XL: |  1  2  3  4  5  6  7  8  9 10 11 12 13 14 15 16 |
---------------+-------------------------------------------------+-----
Fire Magic     | 3 4 5 6 7 8 9 10 12 13 15 | 15.2
Conjurations   | 1 2 3 4 5 7 8 9 11 13 14 | 14.7
Spellcasting   | 3 4 5 7 8 10 11 12 14 15 | 15.8
Fighting       | 2 3 6 8 10 11 12 13 | 13.1
Short Blades   | 1 2 |  2.5
Translocations | 1 |  1.0
Maces & Flails | |  0.2
Dodging        | |  1.7
Stealth        | |  1.4
Evocations     | |  0.4

Action                   |  1- 3 |  4- 6 |  7- 9 | 10-12 | 13-15 | 16-18 || total
-------------------------+-------+-------+-------+-------+-------+-------++-------
Melee: Unarmed           |     3 |       |       |       |       |       ||     3
       Dagger            |    32 |    38 |    14 |    12 |     3 |       ||    99
       Whip              |     5 |       |       |       |       |       ||     5
       Short sword       |       |    10 |       |       |       |       ||    10
       Dire flail        |       |       |    10 |       |       |       ||    10
       Staff             |       |       |       |     4 |    31 |       ||    35
       Punch             |       |       |       |     1 |     2 |       ||     3
Throw: Dart              |       |       |       |     2 |     1 |       ||     3
 Cast: Foxfire           |    82 |   115 |   261 |   441 |   439 |       ||  1338
       Scorch            |       |     4 |    30 |   215 |   209 |     2 ||   460
       Ignite Poison     |       |       |     1 |     3 |    11 |       ||    15
       Mephitic Cloud    |       |       |     1 |     5 |    20 |       ||    26
       Iskenderun's Myst |       |       |       |     3 |     4 |     1 ||     8
       Flame Wave        |       |       |       |     4 |     4 |       ||     8
       Sticky Flame      |       |       |       |     2 |   103 |     2 ||   107
       Conjure Flame     |       |       |       |       |     1 |       ||     1
       Fireball          |       |       |       |       |   167 |    37 ||   204
       Stone Arrow       |       |       |       |       |     5 |     4 ||     9
Evoke: Wand              |       |       |     3 |    12 |     3 |       ||    18
       Condenser vane    |       |       |       |     1 |     1 |       ||     2
  Use: Scroll            |       |     2 |     4 |    11 |    14 |       ||    31
       Potion            |       |     1 |       |     4 |     3 |     1 ||     9
 Stab: Paralysed         |       |       |       |     1 |       |       ||     1
Armor: Robe              |    25 |     8 |    32 |     6 |     2 |       ||    73
       Acid dragon scale |       |       |       |    30 |       |       ||    30
       Troll leather arm |       |       |       |    20 |    70 |       ||    90
Dodge: Dodged            |    31 |    24 |    43 |   119 |   116 |     4 ||   337
